 Dungeon Crawl Stone Soup version 0.32-a0-913-g739538afd8 (webtiles) character file.

Game seed: 13302169687415058382

86 SolCadguy the Charlatan (level 4, 0/32 HPs)
             Began as a Coglin Artificer on Apr 7, 2024.
             Succumbed to a goblin's poison
             ... on level 2 of the Dungeon.
             The game lasted 00:03:35 (1195 turns).

SolCadguy the Charlatan (Coglin Artificer)          Turns: 1195, Time: 00:03:35

Health: 0/32       AC:  7    Str: 14    XL:     4   Next: 49%
Magic:  4/4        EV:  8    Int: 10    God:
Gold:   66         SH:  0    Dex: 15    Spells: 3/3 levels left

rFire   . . .        g - +3 mace {Elena}
rCold   . . .        f - +0 dagger {Zimri-Dagan}
rNeg    . . .        j - +0 scale mail
rPois   .            (no helmet)
rElec   .            (no cloak)
rCorr   .            (no gloves)
SInv    .            n - +0 pair of boots
Will    .....        (amulet unavailable) Stlth
                     (ring unavailable)
HPRegen 0.25/turn    (ring unavailable)
MPRegen 0.09/turn    (no gizmo)

%: no passive effects
@: lethally poisoned (0 -> -24), weak-willed, revved
A: off-hand wielding, slow wielding, warmup strikes, no jewellery
a: Invent Gizmo


You were on level 2 of the Dungeon.
You visited 1 branch of the dungeon, and saw 2 of its levels.

You collected 66 gold pieces.

Inventory:

Hand Weapons
 a - a +0 club {Udom}
 f - a +0 dagger (offhand) {Zimri-Dagan}
 g - a +3 mace (weapon) {Elena}
 h - a +0 long sword
 m - a +0 morningstar
Missiles
 i - 2 javelins
Armour
 b - a +0 leather armour
 j - a +0 scale mail (worn)
 n - a +0 pair of boots (worn)
Wands
 c - a wand of flame (14) (quivered)
 d - a wand of charming (15)
 e - a wand of iceblast (5)
Scrolls
 l - a scroll of teleportation {unknown}
 o - a scroll of identify {unknown}
 p - a scroll of brand weapon {unknown}


   Skills:
 - Level 1.0 Fighting
 + Level 3.6 Maces & Flails
 - Level 1.7 Armour
 - Level 0.8 Dodging
 - Level 0.7 Stealth
 - Level 4.0 Evocations


You had 3 spell levels left.
You didn't know any spells.
Your spell library was empty.

Dungeon Overview and Level Annotations

Branches:
Dungeon (2/15)

Altars:


Innate Abilities, Weirdness & Mutations

You can wield a second weapon in your off-hand.
It takes a long time for you to wield or remove held weapons.
Your first few attacks do less damage.
You cannot equip rings or amulets.


Message History

A goblin is wielding a +1 dagger of venom.
The goblin shouts! x2
Items here: )) [[ †.
You sock the goblin with your +3 mace!
You kill the goblin!
You barely miss the goblin with your +0 dagger.
You closely miss the goblin with your +3 mace.
The goblin hits you but does no damage. x2
You are poisoned.
You closely miss the goblin with your +0 dagger.
You closely miss the goblin with your +3 mace.
You feel very sick. The goblin hits you with a +0 dagger.
You hit the goblin with your +3 mace.
The goblin is severely wounded.
You hit the goblin with your +0 dagger.
You kill the goblin!
You feel sick. The goblin hits you but does no damage.
The goblin hits you with a +1 dagger of venom.
You are more poisoned.
You hit the goblin with your +0 dagger.
You kill the goblin!
You feel very sick.
The goblin hits you with a +1 dagger of venom.
You are lethally poisoned!
The goblin hits you with a +0 club. x2; The goblin closely misses you.
You closely miss the goblin with your +0 dagger.
You closely miss the goblin with your +3 mace.
* * * LOW HITPOINT WARNING * * *
You feel very sick.
The goblin no longer looks unusually strong.
The goblin hits you but does no damage.
You are more poisoned.
The goblin hits you with a +0 club.
* * * LOW HITPOINT WARNING * * *
You aren't carrying any potions.
As you read the scroll labelled ALUGYAGEMA, it crumbles to dust.
A wave of despondency washes over your surroundings.
It was a scroll of vulnerability.
You die...

##...##.##
#######.###.##
......[.......
#######.###.## #<#
#... #.# ####
######### #.#
#.....gg# #.# #@#
#####.#
####)#####.....# #
#..............#
#.##.##.#####.#...##
#.......# #
#...†##### ####.####
#......... #.#
#.##...##### #.#
#.....## #.# #####.#


You could see 2 goblins.

Vanquished Creatures
  Terence (D:2)
  Robin (D:2)
  An adder (D:2)
  A dart slug (D:1)
  2 endoplasms (D:1)
  2 giant cockroaches
  8 goblins
  6 hobgoblins
  3 jackals (D:1)
  A quokka (D:1)
  3 ball pythons (D:1)
  3 bats (D:1)
  A kobold (D:1)
  3 rats (D:1)
36 creatures vanquished.

Notes
Turn   | Place    | Note
-------+----------+-------------------------------------------
     0 | D:1      | SolCadguy the Coglin Artificer began the quest for the Orb.
     0 | D:1      | Reached XP level 1. HP: 15/15 MP: 1/1
   261 | D:1      | Reached skill level 1 in Maces & Flails
   287 | D:1      | Reached XP level 2. HP: 16/21 MP: 2/2
   565 | D:1      | Reached XP level 3. HP: 26/26 MP: 3/3
   851 | D:2      | Noticed Terence
   864 | D:2      | Killed Terence
  1084 | D:2      | Reached XP level 4. HP: 32/32 MP: 4/4
  1182 | D:2      | Noticed Robin
  1187 | D:2      | Killed Robin
  1195 | D:2      | Succumbed to a goblin's poison

Illustrated notes

Levels and vault maps discovered:
D:1:      elethiomel_arrival_quiet, layout_basic, skrybe_limestone_x
D:2:      layout_loops_corners, basic_altar, hex_large, uniq_terence, uniq_robin

Skill      XL: |  1  2  3 |
---------------+----------+-----
Maces & Flails | 1 2 3 |  3.6
Fighting       | |  1.0
Armour         | |  1.7
Dodging        | |  0.8
Stealth        | |  0.7
Evocations     | |  4.0

Action                     |  1- 3 |  4- 6 || total
---------------------------+-------+-------++-------
  Melee: Mace              |    52 |    18 ||    70
         Dagger            |    50 |    16 ||    66
  Evoke: Wand              |     1 |       ||     1
    Use: Potion            |     1 |       ||     1
         Scroll            |       |     1 ||     1
   Stab: Sleeping          |     1 |       ||     1
 Armour: Leather armour    |     9 |       ||     9
         Scale mail        |    32 |    19 ||    51
         Skin              |     4 |       ||     4
  Dodge: Dodged            |    25 |     7 ||    32

Table legend: (Time is in decaauts)
 A = Elapsed time spent in this place.
 B = Non-inter-level travel time spent in this place.
 C = Inter-level travel time spent in this place.
 D = Time resting spent in this place.
 E = Time spent auto-exploring this place.
 F = Levels seen in this place.
 G = Mean time per level.
                   A        B        C        D        E       F      G
               +--------+--------+--------+--------+--------+-----+--------+
         Total |   1205 |   1109 |     96 |    194 |    617 |   2 |  602.5 |
       Dungeon |   1205 |   1109 |     96 |    194 |    617 |   2 |  602.5 |
               +--------+--------+--------+--------+--------+-----+--------+

Top non-repeatable levels by time:
     D:1: 833 daAuts
     D:2: 371 daAuts
